 Dungeon Crawl Stone Soup version 0.28-a0-172-g787e458d71 (webtiles) character file.

Game seed: 10354852354004779317

195 ryw the Fighter (level 5, -1/54 HPs)
             Began as a Gnoll Wanderer on Aug 16, 2021.
             Was a Believer of Vehumet.
             Blown up by Ijyb (13 damage)
             ... with a mindburst bolt
             ... on level 3 of the Dungeon.
             The game lasted 00:12:19 (4824 turns).

ryw the Fighter (Gnoll Wanderer)                    Turns: 4824, Time: 00:12:19

Health: -1/54      AC:  4    Str:  9    XL:     5   Next: 74%
Magic:  6/7        EV: 12    Int: 12    God:    Vehumet [**....]
Gold:   52         SH:  0    Dex: 14    Spells: 4/7 levels left

rFire   . . .      SeeInvis .   a - +2 dagger
rCold   . . .      Faith    .   (no shield)
rNeg    . . .      Spirit   .   k - +1 animal skin
rPois   .          Reflect  .   l - +0 helmet
rElec   .          Harm     .   (no cloak)
rCorr   .          Rampage  .   (no gloves)
Will    .....                   (no boots)
Stlth   +++.......              (no amulet)
HPRegen 0.18/turn               (no ring)
MPRegen 0.10/turn               (no ring)

@: no status effects
A: fangs 1, strong nose, distributed training
a: Renounce Religion


You were on level 3 of the Dungeon.
You worshipped Vehumet.
Vehumet was pleased with you.
You visited 1 branch of the dungeon, and saw 3 of its levels.

You collected 52 gold pieces.

Inventory:

Hand Weapons
 a - a +2 dagger (weapon)
 d - a +0 quarterstaff
Armour
 k - a +1 animal skin (worn)
 l - a +0 helmet (worn)
Magical Staves
 e - a staff of fire
Scrolls
 b - 2 scrolls of blinking
 c - 2 scrolls of teleportation
 f - a scroll of enchant armour {unknown}
 g - 2 scrolls of identify {unknown}
 i - a scroll of amnesia {unknown}
 j - a scroll of noise {unknown}
 m - a scroll of fog {unknown}
 n - a scroll of enchant weapon {unknown}
Potions
 h - a potion of cancellation {unknown}


   Skills:
 + Level 10.4 Fighting
 + Level 1.6 Short Blades
 + Level 1.6 Long Blades
 + Level 1.6 Axes
 + Level 1.6 Maces & Flails
 + Level 1.6 Polearms
 + Level 3.0 Staves
 + Level 1.6 Slings
 + Level 1.6 Bows
 + Level 1.6 Crossbows
 + Level 3.0 Throwing
 + Level 1.6 Armour
 + Level 1.6 Dodging
 + Level 6.2 Stealth
 + Level 1.6 Shields
 + Level 1.6 Unarmed Combat
 + Level 1.6 Spellcasting
 + Level 1.3 Conjurations
 + Level 1.3 Hexes
 + Level 1.3 Summonings
 + Level 1.3 Necromancy
 + Level 1.3 Translocations
 + Level 1.3 Transmutations
 + Level 1.3 Fire Magic
 + Level 1.3 Ice Magic
 + Level 1.3 Air Magic
 + Level 1.3 Earth Magic
 + Level 1.3 Poison Magic
 + Level 1.8 Invocations
 + Level 1.6 Evocations


You had 4 spell levels left.
You knew the following spells:

 Your Spells              Type           Power      Damage    Failure   Level
a - Freeze                Ice            16%        1d4       17%         1
b - Shock                 Conj/Air       16%        1d4       17%         1
c - Summon Small Mammal   Summ           16%        N/A       17%         1

Your spell library contained the following spells:

 Spells                   Type           Power      Damage    Failure   Level
 Dazzling Flash           Conj/Hex       8%         N/A       45%         3
 Call Canine Familiar     Summ           4%         N/A       45%         3
 Summon Guardian Golem    Hex/Summ       4%         N/A       45%         3


Dungeon Overview and Level Annotations

Branches:
Dungeon (3/15)

Altars:
Kikubaaqudgha
Vehumet

Annotations:
D:3 3 runed translucent doors, DocClef's ghost, weakling GnDe; Ijyb; MrDNA's ghost, amateur TeHu; siradein's ghost, weakling DsGl


Innate Abilities, Weirdness & Mutations

You have very sharp teeth.
Your uncanny sense of smell can sniff out nearby items.
Your experience applies equally to all skills.


Message History

You hit the goblin.
The goblin is heavily wounded.
Your bat closely misses the goblin.
The goblin hits you but does no damage.
You hit the goblin.
You kill the goblin!
Vehumet accepts your kill.
You feel your power returning. The goblin completely misses you.
Ijyb hits you but does no damage.
Things that are here:
a +0 dagger; a goblin corpse You hit Ijyb.
Ijyb is lightly wounded.
Your bat barely misses Ijyb.
Your bat hits Ijyb but does no damage. The goblin hits you with a +0 club.
Ijyb zaps a wand.
You barely resist. You hit Ijyb but do no damage. Your bite misses Ijyb.
Ijyb is lightly wounded.
Your bat barely misses Ijyb.
The goblin completely misses you.
Ijyb zaps a wand.
Your mind is blasted!
Ouch! That really hurt!
You are too injured to fight recklessly!
You are too injured to fight recklessly!
You are too injured to fight recklessly!
Unknown command.
Your bat barely misses Ijyb.
Your bat barely misses Ijyb.
Your bat misses the goblin.
There is a large open door here.
Your bat hits Ijyb.
Ijyb screams, "Die!"
Your bat barely misses the goblin.
Casting: Summon Small Mammal (safe; 17% risk of failure)
Confirm with . or Enter, or press ? or * to list all spells.
Ijyb zaps a wand.
Your mind is blasted!
* * * LOW HITPOINT WARNING * * *
Your bat hits Ijyb but does no damage.
Unknown command.
Unknown command.
Your bat hits Ijyb but does no damage.
Your bat barely misses Ijyb.
Your bat hits Ijyb but does no damage.
Ijyb zaps a wand.
Your mind is blasted!
You die...

#.#.##.≈≈..#####...#∆∆
#.#.#..≈≈..#...#####∆∆
#.#...≈≈≈..)...'..##+##
#.##..≈≈≈..#...#..#...#
#.##.≈≈#########..#...#
#. #†≈≈#..........#...#
#...'..†.....).#...#
#...'....†.....#.).#
#...'.@.b...†).#..b#
#.≈≈#...g.g....#...#
#.≈≈#########..##''#
#..#≈≈≈..#...#......#
#.##≈≈≈.)'...'......#
... ##≈≈..#...#......#
### #################


You could see Ijyb (ally target), a goblin and a friendly bat (summoned).

Vanquished Creatures
  Robin (D:1)
  4 gnolls
  2 adders
  7 dart slugs
  8 orcs (D:3)
  7 ball pythons
  4 endoplasms
  2 giant cockroaches
  13 goblins
  7 hobgoblins
  17 jackals
  8 kobolds
  A quokka (D:1)
  3 bats
  4 frilled lizards
  7 rats
95 creatures vanquished.

Vanquished Creatures (collateral kills)
  A dart slug (D:3)
  A bat (D:3)
  A goblin (D:3)
3 creatures vanquished.

Vanquished Creatures (others)
  4 withered plants (D:3)
4 creatures vanquished.

Grand Total: 102 creatures vanquished

Notes
Turn   | Place    | Note
-------+----------+-------------------------------------------
     0 | D:1      | Reached skill level 10 in Fighting
     0 | D:1      | ryw the Gnoll Wanderer began the quest for the Orb.
     0 | D:1      | ryw set off with the following items: a +2 dagger, a scroll
                  | of blinking, a scroll of teleportation, a +0 quarterstaff,
                  | a +0 robe
     0 | D:1      | Reached XP level 1. HP: 28/28 MP: 1/1
   282 | D:1      | Reached XP level 2. HP: 32/36 MP: 2/2
   441 | D:1      | Found a faded altar of an unknown god.
   453 | D:1      | Became a worshipper of Vehumet
   453 | D:1      | Reached * piety under Vehumet
   453 | D:1      | Offered knowledge of Freeze by Vehumet.
   465 | D:1      | Learned a level 1 spell: Freeze
   757 | D:1      | Reached XP level 3. HP: 34/42 MP: 0/3
  1188 | D:2      | Noticed Robin
  1199 | D:2      | Reached skill level 1 in Invocations
  1485 | D:2      | Reached skill level 1 in Short Blades
  1485 | D:2      | Reached skill level 1 in Long Blades
  1485 | D:2      | Reached skill level 1 in Axes
  1485 | D:2      | Reached skill level 1 in Maces & Flails
  1485 | D:2      | Reached skill level 1 in Polearms
  1485 | D:2      | Reached skill level 1 in Slings
  1485 | D:2      | Reached skill level 1 in Bows
  1485 | D:2      | Reached skill level 1 in Crossbows
  1485 | D:2      | Reached skill level 1 in Armour
  1485 | D:2      | Reached skill level 1 in Dodging
  1485 | D:2      | Reached skill level 1 in Shields
  1485 | D:2      | Reached skill level 1 in Unarmed Combat
  1485 | D:2      | Reached skill level 1 in Spellcasting
  1485 | D:2      | Reached skill level 1 in Evocations
  1705 | D:2      | Reached XP level 4. HP: 40/48 MP: 5/5
  2354 | D:2      | Reached ** piety under Vehumet
  2354 | D:2      | Offered knowledge of Shock by Vehumet.
  2455 | D:2      | Learned a level 1 spell: Shock
  2685 | D:1      | Reached skill level 1 in Conjurations
  2685 | D:1      | Reached skill level 1 in Hexes
  2685 | D:1      | Reached skill level 1 in Summonings
  2685 | D:1      | Reached skill level 1 in Necromancy
  2685 | D:1      | Reached skill level 1 in Translocations
  2685 | D:1      | Reached skill level 1 in Transmutations
  2685 | D:1      | Reached skill level 1 in Fire Magic
  2685 | D:1      | Reached skill level 1 in Ice Magic
  2685 | D:1      | Reached skill level 1 in Air Magic
  2685 | D:1      | Reached skill level 1 in Earth Magic
  2685 | D:1      | Reached skill level 1 in Poison Magic
  3797 | D:1      | Killed Robin
  3798 | D:1      | Reached XP level 5. HP: 43/54 MP: 6/6
  4405 | D:3      | Learned a level 1 spell: Summon Small Mammal
  4410 | D:3      | Found an ancient bone altar of Kikubaaqudgha.
  4513 | D:3      | Found a runed translucent gate.
  4513 | D:3      | Found a runed translucent gate.
  4513 | D:3      | Found a runed translucent gate.
  4514 | D:3      | Noticed DocClef's ghost (weakling GnDe)
  4516 | D:3      | Noticed MrDNA's ghost (amateur TeHu)
  4516 | D:3      | Noticed siradein's ghost (weakling DsGl)
  4697 | D:3      | Offered knowledge of Dazzling Flash by Vehumet.
  4801 | D:3      | Noticed Ijyb
  4824 | D:3      | Blown up by Ijyb

Illustrated notes

Levels and vault maps discovered:
D:1:      minmay_arrival_diagonal_passages, layout_basic,
          hellmonk_ecumenical_altar_crossroads, minivault_14, serial_park_tiny_1
D:2:      layout_loops_ring, roderic_serpentine_path, uniq_robin
D:3:      kennysheep_goblin_castle, layout_rooms, kiku_gazebo_pond_becter,
          okawaru_altar_gauntlet_db, gammafunk_ghost_cemetery, serial_forest,
          infiniplex_forest_lined_3_way, infiniplex_forest_lined_3_way,
          infiniplex_forest_zigzag_1, infiniplex_forest_clump_double,
          infiniplex_forest_lined_2, infiniplex_forest_lined_1

Skill      XL: |  1  2  3  4  5 |
---------------+----------------+-----
Fighting       | | 10.4
Stealth        | 6 |  6.2
Invocations    | 1 |  1.8
Short Blades   | 1 |  1.6
Long Blades    | 1 |  1.6
Axes           | 1 |  1.6
Maces & Flails | 1 |  1.6
Polearms       | 1 |  1.6
Slings         | 1 |  1.6
Bows           | 1 |  1.6
Crossbows      | 1 |  1.6
Armour         | 1 |  1.6
Dodging        | 1 |  1.6
Shields        | 1 |  1.6
Unarmed Combat | 1 |  1.6
Spellcasting   | 1 |  1.6
Evocations     | 1 |  1.6
Conjurations   | 1 |  1.3
Hexes          | 1 |  1.3
Summonings     | 1 |  1.3
Necromancy     | 1 |  1.3
Translocations | 1 |  1.3
Transmutations | 1 |  1.3
Fire Magic     | 1 |  1.3
Ice Magic      | 1 |  1.3
Air Magic      | 1 |  1.3
Earth Magic    | 1 |  1.3
Poison Magic   | 1 |  1.3
Staves         | 3 |  3.0
Throwing       | 3 |  3.0

Action                   |  1- 3 |  4- 6 || total
-------------------------+-------+-------++-------
Melee: Dagger            |   123 |   320 ||   443
       Bite              |    11 |    33 ||    44
 Cast: Freeze            |     1 |       ||     1
       Shock             |       |     7 ||     7
       Summon Small Mamm |       |     6 ||     6
 Stab: Sleeping          |     9 |     8 ||    17
       Distracted        |       |     1 ||     1
Armor: Robe              |    34 |    22 ||    56
       Animal skin       |       |    50 ||    50
Dodge: Dodged            |    52 |   188 ||   240

Table legend: (Time is in decaauts)
 A = Elapsed time spent in this place.
 B = Non-inter-level travel time spent in this place.
 C = Inter-level travel time spent in this place.
 D = Time resting spent in this place.
 E = Time spent auto-exploring this place.
 F = Levels seen in this place.
 G = Mean time per level.
                   A        B        C        D        E       F      G
               +--------+--------+--------+--------+--------+-----+--------+
         Total |   4810 |   4506 |    304 |   1429 |   1872 |   3 | 1603.3 |
       Dungeon |   4810 |   4506 |    304 |   1429 |   1872 |   3 | 1603.3 |
               +--------+--------+--------+--------+--------+-----+--------+

Top non-repeatable levels by time:
     D:1: 2379 daAuts
     D:2: 1752 daAuts
     D:3: 677 daAuts
